 Dungeon Crawl Stone Soup version 0.30-a0-358-g0d69a1922f (webtiles) character file.

Game seed: 15889293207253513637

7 koil the Sneak (level 1, -1/14 HPs)
             Began as a Vampire Enchanter on Nov 9, 2022.
             Slain by a jackal (3 damage)
             ... on level 1 of the Dungeon.
             The game lasted 00:00:25 (27 turns).

koil the Sneak (Vampire Enchanter)                    Turns: 27, Time: 00:00:26

Health: -1/14      AC:  2    Str:  7    XL:     1   Next: 83%
Magic:  3/3        EV: 12    Int: 17    God:
Gold:   0          SH:  0    Dex: 14    Spells: 4/4 levels left

rFire   . . .      SeeInvis +    a - +1 dagger
rCold   . . .      Faith    .    (no shield)
rNeg    . . .      Spirit   .    b - +0 robe
rPois   .          Reflect  .    (no helmet)
rElec   .          Harm     .    (no cloak)
rCorr   .          Rampage  .    (no gloves)
Will    .....                    (no boots)
Stlth   +++.......               (no amulet)
HPRegen 0.42/turn                (no ring)
MPRegen 0.08/turn                (no ring)

@: healing quickly
A: alive, fangs 3, see invisible, vampiric 1
a: Exsanguinate


You were on level 1 of the Dungeon.
You visited 1 branch of the dungeon, and saw 1 of its levels.

Inventory:

Hand Weapons
 a - a +1 dagger (weapon)
Armour
 b - a +0 robe (worn)
Potions
 c - 2 potions of invisibility


   Skills:
 + Level 0.3 Fighting
 + Level 1.2 Short Blades
 + Level 0.2 Armour
 + Level 2.2 Dodging
 + Level 4.5 Stealth
 + Level 2.0 Spellcasting
 + Level 4.4 Hexes


You had 4 spell levels left.
You didn't know any spells.
Your spell library contained the following spells:

 Spells                   Type           Power      Damage    Failure   Level
 Confusing Touch          Hex            17%        N/A       9%          3
 Tukima's Dance           Hex            17%        N/A       9%          3
 Ensorcelled Hibernation  Hex/Ice        18%        N/A       12%         2
 Dazzling Flash           Conj/Hex       18%        N/A       22%         3


Dungeon Overview and Level Annotations

Branches:
Dungeon (1/15)

Altars:


Innate Abilities, Weirdness & Mutations

Your natural rate of healing is accelerated.
You have razor-sharp teeth.
You have supernaturally acute eyesight. (SInv)
You are afflicted with vampirism.


Message History

You hit the jackal.
You kill the jackal!
The jackal bites you.
The jackal bites you but does no damage.
The jackal bites you.
You hit the jackal.
The jackal is lightly wounded.
The jackal bites you. The jackal closely misses you.
You hit the jackal. You bite the jackal.
You kill the jackal!
The jackal misses you. The jackal bites you.
You swing at nothing.
The jackal bites you.
You swing at nothing.
The jackal closely misses you.
You hit the jackal.
The jackal is moderately wounded.
The jackal misses you. The jackal bites you.
You miss the jackal.
The jackal is moderately wounded.
The jackal bites you.
* * * LOW HITPOINT WARNING * * *
You hit the jackal but do no damage.
The jackal is moderately wounded.
The jackal closely misses you.
You hit the jackal.
The jackal is heavily wounded.
The jackal bites you.
* * * LOW HITPOINT WARNING * * *
You hit the jackal.
You kill the jackal!
You hit the jackal. Your bite misses the jackal.
The jackal is moderately wounded.
The jackal closely misses you. The jackal bites you.
* * * LOW HITPOINT WARNING * * *
You hit the jackal but do no damage.
The jackal is moderately wounded.
The jackal barely misses you.
You hit the jackal but do no damage.
The jackal is moderately wounded.
The jackal bites you.
You die...

##. ##..###
...?......
....#........
...#... ....
...#..#..#...#.
.#..#..#.. ..#..
..#..#†#.#..#...
...#.#@#.#.#...
..#h#.#.#.. .
#.#...#.# .
....#.....#....
###...<...#
....#.....#....
..##.#...#.##...
# ..#.#.#.#.. #.
...#.#.#.#.#...


You could see a jackal.

Vanquished Creatures
  5 jackals (D:1)
5 creatures vanquished.

Notes
Turn   | Place    | Note
-------+----------+-------------------------------------------
     0 | D:1      | koil the Vampire Enchanter began the quest for the Orb.
     0 | D:1      | Reached XP level 1. HP: 13/13 MP: 3/3
    25 | D:1      | HP: 1/14 [jackal (3)]
    27 | D:1      | Slain by a jackal

Illustrated notes

Levels and vault maps discovered:
D:1:      minmay_arrival_radiant_lines, layout_loops_cross, minmay_tetromino_l2

Action                   || total
-------------------------++-------
Melee: Dagger            ||    20
       Bite              ||     1
Armor: Robe              ||     3
Dodge: Dodged            ||    18

Table legend: (Time is in decaauts)
 A = Elapsed time spent in this place.
 B = Non-inter-level travel time spent in this place.
 C = Inter-level travel time spent in this place.
 D = Time resting spent in this place.
 E = Time spent auto-exploring this place.
 F = Levels seen in this place.
 G = Mean time per level.
                   A        B        C        D        E       F      G
               +--------+--------+--------+--------+--------+-----+--------+
         Total |     25 |     25 |      0 |      0 |      1 |   1 |   25.0 |
       Dungeon |     25 |     25 |      0 |      0 |      1 |   1 |   25.0 |
               +--------+--------+--------+--------+--------+-----+--------+

Top non-repeatable levels by time:
     D:1: 25 daAuts
